Senators vs Wranglers

Created - May 11, 2025 at 23:25

Goals
1 2 3 T
Senators 2 0 2 4
Wranglers 2 1 0 3
Shots
1 2 3 T
Senators 9 12 11 32
Wranglers 14 3 10 27

1st period

1. Senators , Arttu Ruotsalainen 13 (Marc Michaelis 44, Jonas Siegenthaler 28) at 6:47
2. Senators , Brendan Perlini 5 (Kiefer Sherwood 35, Radek Faksa 72) at 13:02
3. Wranglers , Nico Sturm 40 (Barclay Goodrow 45, Peter Cehlarik 74) at 15:53
4. Wranglers , Jesper Bratt 21 (Chandler Stephenson 33, Frank Corrado 41) at 16:25

Penalties :
Barclay Goodrow (Cal) for Roughing (Minor) at 3:50, Mason Geertsen (Bel) for Hooking (Minor) at 7:46

2nd period

5. Wranglers , Frank Corrado 11 (Peter Cehlarik 75, Barclay Goodrow 46) at 4:50 (PP)

Penalties :
Erik Brannstrom (Cal) for Hooking (Minor) at 2:03, Akil Thomas (Bel) for Cross-checking (Minor) at 4:20, Peter Cehlarik (Cal) for Delaying the game (Minor) at 10:55

3rd period

6. Senators , Radek Faksa 52 (Brendan Perlini 9) at 2:04
7. Senators , Chase De Leo 30 (Zac Leslie 17, Artem Zub 42) at 11:04 (PP)

Penalties :
Frank Corrado (Cal) for Cross-checking (Minor) at 10:00, Nico Sturm (Cal) for Roughing (Minor) at 12:35, Christian Jaros (Cal) for Hooking (Minor) at 18:08

Goalie Stats

Justus Annunen (Bel), 24 saves from 27 shots - (0.889), W, 16-12-4, 60:00 minutes
Vitek Vanecek (Cal), 28 saves from 32 shots - (0.875), L, 32-22-4, 60:00 minutes

Players Stats for Senators

Player Name              G  A  P  +/- PIM S  H  SB GA TA FO     MP     PP MP  PK MP  
------------------------------------------------------------------------------------
                         0  0  0   0  0   0  0  0  0  0  0/0     0:00   0:00   0:00 
                         0  0  0   0  0   0  0  0  0  0  0/0     0:00   0:00   0:00 
                         0  0  0   0  0   0  0  0  0  0  0/0     0:00   0:00   0:00 
                         0  0  0   0  0   0  0  0  0  0  0/0     0:00   0:00   0:00 
                         0  0  0   0  0   0  0  0  0  0  0/0     0:00   0:00   0:00 
Akil Thomas              0  0  0   0  2   0  0  0  0  0  0/2     7:26   0:20   0:00 
Artem Zub                0  1  1  -2  0   1  1  0  0  0  0/0    27:39   6:51   1:37 
Arttu Ruotsalainen       1  0  1   1  0   5  0  0  1  0  3/6    11:53   0:00   0:00 
Brendan Perlini          1  1  2   1  0   5  3  1  0  0  1/2    22:15   5:52   1:37 
Bryce Kindopp            0  0  0   0  0   0  2  0  0  0  0/0     7:01   0:00   0:00 
C.J Suess                0  0  0  -1  0   2  2  0  1  2  0/1    18:25   4:39   0:52 
Carl Grundstrom          0  0  0  -1  0   1  0  0  0  0  0/0    17:29   4:39   0:00 
Chase De Leo             1  0  1  -1  0   6  1  0  0  0  7/13   18:06   4:39   0:37 
Cliff Pu                 0  0  0   1  0   0  0  1  0  0  0/0    12:19   0:20   0:00 
Corey Shueneman          0  0  0   2  0   0  0  1  0  0  0/0    19:05   4:00   0:52 
Jesse Graham             0  0  0   2  0   0  3  0  0  2  0/0    19:05   4:00   0:52 
Jonas Siegenthaler       0  1  1   1  0   0  0  0  0  0  0/0     9:14   0:00   0:00 
Kiefer Sherwood          0  1  1   1  0   0  1  0  0  0  3/3    20:57   5:52   0:15 
Marc Michaelis           0  1  1   1  0   3  1  1  0  0  1/1    12:19   0:20   0:00 
Martin Fehervary         0  0  0   0  0   0  2  0  0  0  0/0     4:02   0:00   0:00 
Mason Geertsen           0  0  0   1  2   2  0  0  0  0  0/0     9:17   0:00   0:00 
Radek Faksa              1  1  2   1  0   5  2  0  0  0  12/33  22:15   5:52   1:37 
Scott Perunovich         0  0  0   0  0   0  0  0  0  0  0/0     4:02   0:00   0:00 
Vitaly Abramov           0  0  0   0  0   1  0  1  0  0  0/0     7:01   0:00   0:00 
Zac Leslie               0  1  1  -2  0   1  1  1  0  1  0/0    27:39   6:51   1:37 

Players Stats for Wranglers

Player Name              G  A  P  +/- PIM S  H  SB GA TA FO     MP     PP MP  PK MP  
------------------------------------------------------------------------------------
                         0  0  0   0  0   0  0  0  0  0  0/0     0:00   0:00   0:00 
                         0  0  0   0  0   0  0  0  0  0  0/0     0:00   0:00   0:00 
                         0  0  0   0  0   0  0  0  0  0  0/0     0:00   0:00   0:00 
                         0  0  0   0  0   0  0  0  0  0  0/0     0:00   0:00   0:00 
                         0  0  0   0  0   0  0  0  0  0  0/0     0:00   0:00   0:00 
                         0  0  0   0  0   0  0  0  0  0  0/0     0:00   0:00   0:00 
Barclay Goodrow          0  2  2  -1  2   4  1  3  0  0  2/2    21:37   1:19   5:01 
Chandler Stephenson      0  1  1   0  0   3  1  2  0  0  6/10   17:31   1:10   1:40 
Christian Jaros          0  0  0   0  2   0  1  0  0  0  0/0    13:07   0:00   1:22 
Darren Raddysh           0  0  0   0  0   0  0  1  0  0  0/0     3:02   0:00   0:00 
Dominik Masin            0  0  0  -2  0   0  3  2  0  0  0/0    26:55   1:04   6:12 
Erik Brannstrom          0  0  0   1  2   4  0  0  1  0  0/0    20:32   1:25   3:46 
Frank Corrado            1  1  2  -2  2   1  0  1  0  0  0/0    23:06   1:04   5:26 
Jesper Bratt             1  0  1   0  0   3  1  0  1  0  1/1    18:36   1:10   2:52 
Kaapo Kakko              0  0  0   0  0   0  1  1  0  0  0/0    11:30   0:00   0:00 
Nico Sturm               1  0  1  -1  2   3  4  0  0  0  13/27  19:17   1:19   1:55 
Peter Cehlarik           0  2  2  -1  2   5  4  0  1  0  6/11   26:06   1:19   5:10 
Petteri Lindbohm         0  0  0   0  0   0  0  0  1  0  0/0    12:03   0:00   0:17 
Phillip Danault          0  0  0   0  0   1  2  0  0  1  0/1    14:48   0:00   3:14 
Ryan Donato              0  0  0   0  0   2  0  0  0  0  5/8    12:01   0:00   0:31 
Tanner Jeannot           0  0  0   0  0   1  0  0  0  0  0/0     5:25   0:00   0:00 
Taylor Raddysh           0  0  0   0  0   0  1  0  0  1  0/0    15:24   1:10   0:00 
Trevor Carrick           0  0  0   1  0   0  2  1  1  0  0/0    21:19   1:25   4:39 
Vitali Kravtsov          0  0  0   0  0   0  0  0  0  0  0/0     1:19   0:00   1:19 
Vladislav Kamenev        0  0  0   0  0   0  1  0  0  0  1/1     5:25   0:00   0:00 

3 Stars

1 - Brendan Perlini (Bel)
2 - Radek Faksa (Bel)
3 - Arttu Ruotsalainen (Bel)

Power Play

Senators - 1 on 6 Attempt(s) - 16.67%
Wranglers - 1 on 2 Attempt(s) - 50.00%

Penalty Kill

Senators - 1 on 2 Attempt(s) - 50.00% - Score 0 goal in Penalty Kill
Wranglers - 5 on 6 Attempt(s) - 83.33% - Score 0 goal in Penalty Kill

Team Stat

Senators - Hits : 19 - Faceoff Wins : 27 - Blocked Shots : 6 - Penalty Minutes : 4
Wranglers - Hits : 22 - Faceoff Wins : 34 - Blocked Shots : 11 - Penalty Minutes : 12

Official

Referees : Dean Morton and Wes McCauley
Linesman : Tony Sericolo and Vaughan Rody

Game Notes

No Game Note

Finance

Level 1 -- Attendance: 1816 (90.80%) -- Ticket Income $127,120
Level 2 -- Attendance: 869 (86.90%) -- Ticket Income $34,760
Total Attendance: 2685 (89.50%)
Total Ticket Income: $161,880
Other Income: $8,094
Total Income: $169,974

Senators

5 vs 5 Forward 
   Center                   Left Wing                Right Wing               Time % Phy DF OF 
 1 Radek Faksa              Brendan Perlini          Kiefer Sherwood          40     1   2  2  
 2 Chase De Leo             C.J Suess                Carl Grundstrom          30     1   2  2  
 3 Arttu Ruotsalainen       Marc Michaelis           Cliff Pu                 20     1   2  2  
 4 Akil Thomas              Vitaly Abramov           Bryce Kindopp            10     1   2  2  

5 vs 5 Defense 
   Defense                  Defense                                           Time % Phy DF OF 
 1 Zac Leslie               Artem Zub                                         40     1   2  2  
 2 Corey Shueneman          Jesse Graham                                      30     1   2  2  
 3 Jonas Siegenthaler       Mason Geertsen                                    20     1   2  2  
 4 Martin Fehervary         Scott Perunovich                                  10     1   2  2  

PowerPlay Forward 
   Center                   Left Wing                Right Wing               Time % Phy DF OF 
 1 Radek Faksa              Brendan Perlini          Kiefer Sherwood          60     1   2  2  
 2 Chase De Leo             C.J Suess                Carl Grundstrom          40     1   2  2  

PowerPlay Defense
   Defense                  Defense                                           Time % Phy DF OF 
 1 Zac Leslie               Artem Zub                                         60     1   2  2  
 2 Corey Shueneman          Jesse Graham                                      40     1   2  2  

Penalty Kill 4 Players Forward 
   Center                   Wing                     Time % Phy DF OF 
 1 Radek Faksa              Brendan Perlini          60     1   2  2  
 2 Chase De Leo             C.J Suess                40     1   2  2  

Penalty Kill 4 Players Defense
   Defense                  Defense                  Time % Phy DF OF 
 1 Zac Leslie               Artem Zub                60     1   2  2  
 2 Corey Shueneman          Jesse Graham             40     1   2  2  

Penalty Kill - 3 Players Forward 
   Forward                                           Time % Phy DF OF 
 1 Radek Faksa                                       60     1   2  2  
 2 Chase De Leo                                      40     1   2  2  

Penalty Kill - 3 Players Defense
   Defense                  Defense                  Time % Phy DF OF 
 1 Zac Leslie               Artem Zub                60     1   2  2  
 2 Corey Shueneman          Jesse Graham             40     1   2  2  

4 vs 4 Forward 
   Center                   Wing                     Time % Phy DF OF 
 1 Radek Faksa              Brendan Perlini          60     1   2  2  
 2 Chase De Leo             C.J Suess                40     1   2  2  

4 vs 4 Defense
   Defense                  Defense                  Time % Phy DF OF 
 1 Zac Leslie               Artem Zub                60     1   2  2  
 2 Corey Shueneman          Jesse Graham             40     1   2  2  

Last Minutes Offensive
   Center                   Left Wing                Right Wing               Defense                  Defense                  
   Radek Faksa              Brendan Perlini          Kiefer Sherwood          Zac Leslie               Artem Zub                

Last Minutes Defensive
   Center                   Left Wing                Right Wing               Defense                  Defense                  
   Radek Faksa              Brendan Perlini          Kiefer Sherwood          Zac Leslie               Artem Zub                

Goaltenders
Starting : Justus Annunen           
Backup : Olivier Rodrigue         

Extra Forwards
Normal : Kiefer Sherwood, Chase De Leo, Carl Grundstrom - PP : Kiefer Sherwood, Chase De Leo - PK : Kiefer Sherwood
Extra Defensemen
Normal : Mason Geertsen, Martin Fehervary, Scott Perunovich - PP : Mason Geertsen - PK : Mason Geertsen, Martin Fehervary
Penalty Shots
Radek Faksa, Brendan Perlini, C.J Suess, Marc Michaelis, Kiefer Sherwood
Custom OT Lines Forwards
Radek Faksa, Brendan Perlini, C.J Suess, Marc Michaelis, Kiefer Sherwood, Chase De Leo, Carl Grundstrom, Vitaly Abramov, Arttu Ruotsalainen, Cliff Pu
Custom OT Lines Defensemen
Zac Leslie, Artem Zub, Corey Shueneman, Jesse Graham, Jonas Siegenthaler

Scratches
Anton Karlsson (Healthy), Ivan Morozov (Healthy), Gustav Forsling (Healthy), Alec Regula (Healthy), Tyler Angle (Healthy)
Jett Woo (Healthy), Adam Mascherin (Bruised Right Shoulder Injury)

Wranglers

5 vs 5 Forward 
   Center                   Left Wing                Right Wing               Time % Phy DF OF 
 1 Nico Sturm               Peter Cehlarik           Barclay Goodrow          40     1   2  2  
 2 Chandler Stephenson      Jesper Bratt             Taylor Raddysh           30     1   2  2  
 3 Ryan Donato              Phillip Danault          Kaapo Kakko              20     1   2  2  
 4 Vladislav Kamenev        Tanner Jeannot           Peter Cehlarik           10     1   2  2  

5 vs 5 Defense 
   Defense                  Defense                                           Time % Phy DF OF 
 1 Frank Corrado            Dominik Masin                                     40     1   2  2  
 2 Erik Brannstrom          Trevor Carrick                                    30     1   2  2  
 3 Christian Jaros          Petteri Lindbohm                                  20     1   2  2  
 4 Darren Raddysh           Dominik Masin                                     10     1   2  2  

PowerPlay Forward 
   Center                   Left Wing                Right Wing               Time % Phy DF OF 
 1 Nico Sturm               Peter Cehlarik           Barclay Goodrow          60     1   2  2  
 2 Chandler Stephenson      Jesper Bratt             Taylor Raddysh           40     1   2  2  

PowerPlay Defense
   Defense                  Defense                                           Time % Phy DF OF 
 1 Frank Corrado            Dominik Masin                                     60     1   2  2  
 2 Erik Brannstrom          Trevor Carrick                                    40     1   2  2  

Penalty Kill 4 Players Forward 
   Center                   Wing                     Time % Phy DF OF 
 1 Peter Cehlarik           Barclay Goodrow          60     1   2  2  
 2 Nico Sturm               Jesper Bratt             40     1   2  2  

Penalty Kill 4 Players Defense
   Defense                  Defense                  Time % Phy DF OF 
 1 Frank Corrado            Dominik Masin            60     1   2  2  
 2 Erik Brannstrom          Trevor Carrick           40     1   2  2  

Penalty Kill - 3 Players Forward 
   Forward                                           Time % Phy DF OF 
 1 Peter Cehlarik                                    60     1   2  2  
 2 Barclay Goodrow                                   40     1   2  2  

Penalty Kill - 3 Players Defense
   Defense                  Defense                  Time % Phy DF OF 
 1 Frank Corrado            Dominik Masin            60     1   2  2  
 2 Erik Brannstrom          Trevor Carrick           40     1   2  2  

4 vs 4 Forward 
   Center                   Wing                     Time % Phy DF OF 
 1 Peter Cehlarik           Barclay Goodrow          60     1   2  2  
 2 Nico Sturm               Jesper Bratt             40     1   2  2  

4 vs 4 Defense
   Defense                  Defense                  Time % Phy DF OF 
 1 Frank Corrado            Dominik Masin            60     1   2  2  
 2 Erik Brannstrom          Trevor Carrick           40     1   2  2  

Last Minutes Offensive
   Center                   Left Wing                Right Wing               Defense                  Defense                  
   Nico Sturm               Peter Cehlarik           Barclay Goodrow          Frank Corrado            Dominik Masin            

Last Minutes Defensive
   Center                   Left Wing                Right Wing               Defense                  Defense                  
   Nico Sturm               Peter Cehlarik           Barclay Goodrow          Frank Corrado            Dominik Masin            

Goaltenders
Starting : Vitek Vanecek            
Backup : Joel Hofer               

Extra Forwards
Normal : Nico Sturm, Peter Cehlarik, Chandler Stephenson - PP : Phillip Danault, Barclay Goodrow - PK : Phillip Danault
Extra Defensemen
Normal : Frank Corrado, Erik Brannstrom, Petteri Lindbohm - PP : Dominik Masin - PK : Christian Jaros, Petteri Lindbohm
Penalty Shots
Peter Cehlarik, Barclay Goodrow, Nico Sturm, Jesper Bratt, Phillip Danault
Custom OT Lines Forwards
Peter Cehlarik, Barclay Goodrow, Nico Sturm, Jesper Bratt, Phillip Danault, Chandler Stephenson, Taylor Raddysh, Ryan Donato, Tanner Jeannot, Vladislav Kamenev
Custom OT Lines Defensemen
Frank Corrado, Dominik Masin, Erik Brannstrom, Trevor Carrick, Christian Jaros

Scratches
Brandon Hickey (Healthy), Filip Hallander (Healthy), Skyler Brind'Amour (Healthy), Tim Berni (Healthy), Ivan Chekhovich (Healthy)
Radim Zohorna (Healthy), Demetrios Koumontzis (Healthy), Zac Jones (Healthy), Yegor Zaitsev (Healthy), Lucas Feuk (Healthy)
Cole Schwindt (Healthy), Collin Delia (Healthy)

% Time on Ice - Senators

Lines # - Real PCT - Wanted PCT - Time Play
Normal Forward
1 - 32% - 40% - 14:56
2 - 28% - 30% - 12:50
3 - 25% - 20% - 11:53
4 - 15% - 10% - 7:01
Normal Defense
1 - 41% - 40% - 19:11
2 - 30% - 30% - 14:13
3 - 20% - 20% - 9:14
4 - 9% - 10% - 4:02
PP Forward
1 - 57% - 60% - 6:12
2 - 43% - 40% - 4:39
PP Defense
1 - 63% - 60% - 6:51
2 - 37% - 40% - 4:00
PK Forward
1 - 75% - 60% - 1:52
2 - 25% - 40% - 0:37
PK Defense
1 - 65% - 60% - 1:37
2 - 35% - 40% - 0:52
PK3 Forward
1 - 0% - 60%
2 - 0% - 40%
PK3 Defense
1 - 0% - 60%
2 - 0% - 40%
44 Forward
1 - 0% - 60%
2 - 0% - 40%
44 Defense
1 - 0% - 60%
2 - 0% - 40%
Last Minute Offensive  - 0:00
Last Minute Defensive  - 0:00
Total
Forward - 60:00
Defense - 60:00

% Time on Ice - Wranglers

Lines # - Real PCT - Wanted PCT - Time Play
Normal Forward
1 - 33% - 40% - 15:11
2 - 31% - 30% - 14:34
3 - 25% - 20% - 11:30
4 - 12% - 10% - 5:25
Normal Defense
1 - 36% - 40% - 16:37
2 - 33% - 30% - 15:15
3 - 25% - 20% - 11:46
4 - 7% - 10% - 3:02
PP Forward
1 - 53% - 60% - 1:19
2 - 47% - 40% - 1:10
PP Defense
1 - 43% - 60% - 1:04
2 - 57% - 40% - 1:25
PK Forward
1 - 74% - 60% - 7:59
2 - 26% - 40% - 2:52
PK Defense
1 - 57% - 60% - 6:12
2 - 43% - 40% - 4:39
PK3 Forward
1 - 0% - 60%
2 - 0% - 40%
PK3 Defense
1 - 0% - 60%
2 - 0% - 40%
44 Forward
1 - 0% - 60%
2 - 0% - 40%
44 Defense
1 - 0% - 60%
2 - 0% - 40%
Last Minute Offensive  - 0:00
Last Minute Defensive  - 0:00
Total
Forward - 60:00
Defense - 60:00

Play-by-Play

1st period


0:01 of 1st period - Peter Cehlarik wins face-off versus Radek Faksa in neutral zone.
0:12 of 1st period - Wrist shot by Peter Cehlarik.
0:12 of 1st period - Stopped by Justus Annunen with a rebound.
0:14 of 1st period - Slapshot by Dominik Masin.
0:14 of 1st period - Shot Misses the Net.
0:16 of 1st period - Wrist shot by Nico Sturm.
0:16 of 1st period - Stopped by Justus Annunen with a rebound.
0:53 of 1st period - Wrist shot by Arttu Ruotsalainen.
0:53 of 1st period - Stopped by Vitek Vanecek with a rebound.
1:07 of 1st period - Wrist shot by Tanner Jeannot.
1:07 of 1st period - Deflect By Peter Cehlarik.
1:07 of 1st period - Deflect By Zac Leslie.
1:07 of 1st period - Stopped by Justus Annunen with a rebound.
1:52 of 1st period - Wrist shot by C.J Suess.
1:52 of 1st period - Shot Hit the Post.
2:04 of 1st period - Arttu Ruotsalainen is hit by Peter Cehlarik and loses puck.
2:48 of 1st period - Snap shot by Jesper Bratt.
2:48 of 1st period - Stopped by Justus Annunen without a rebound.
2:49 of 1st period - Chase De Leo wins face-off versus Chandler Stephenson in Senators zone.
3:27 of 1st period - Wrist shot by Radek Faksa.
3:27 of 1st period - Stopped by Vitek Vanecek without a rebound.
3:28 of 1st period - Arttu Ruotsalainen wins face-off versus Nico Sturm in Wranglers zone.
3:50 of 1st period - Minor Penalty to Barclay Goodrow for Roughing.
3:51 of 1st period - Radek Faksa wins face-off versus Peter Cehlarik in Wranglers zone.
3:56 of 1st period - Snap shot by Brendan Perlini.
3:56 of 1st period - Stopped by Vitek Vanecek with a rebound.
3:58 of 1st period - Wrist shot by Radek Faksa.
3:58 of 1st period - Stopped by Vitek Vanecek without a rebound.
3:59 of 1st period - Peter Cehlarik wins face-off versus Radek Faksa in Wranglers zone.
4:18 of 1st period - Wrist shot by Peter Cehlarik.
4:18 of 1st period - Shot Misses the Net.
4:30 of 1st period - Snap shot by Brendan Perlini.
4:30 of 1st period - Shot Blocked by Dominik Masin.
4:32 of 1st period - Snap shot by Brendan Perlini.
4:32 of 1st period - Deflect By Kiefer Sherwood.
4:32 of 1st period - Shot Misses the Net.
4:32 of 1st period - Puck is out of play.
4:33 of 1st period - Chase De Leo wins face-off versus Nico Sturm in Wranglers zone.
5:47 of 1st period - C.J Suess is hit by Nico Sturm and loses puck.
5:50 of 1st period - Penalty to Barclay Goodrow is over, Barclay Goodrow is back on ice.
6:32 of 1st period - Icing by Erik Brannstrom.
6:33 of 1st period - Peter Cehlarik wins face-off versus Arttu Ruotsalainen in Wranglers zone.
6:38 of 1st period - Mason Geertsen is hit by Trevor Carrick and loses puck.
6:47 of 1st period - Snap shot by Arttu Ruotsalainen.
6:47 of 1st period - Goal by Arttu Ruotsalainen - Senators : 1 - Wranglers : 0.
6:48 of 1st period - Nico Sturm wins face-off versus Radek Faksa in neutral zone.
6:53 of 1st period - Wrist shot by Barclay Goodrow.
6:53 of 1st period - Stopped by Justus Annunen with a rebound.
6:55 of 1st period - Slapshot by Frank Corrado.
6:55 of 1st period - Shot Blocked by Brendan Perlini.
6:57 of 1st period - Slapshot by Dominik Masin.
6:57 of 1st period - Shot Misses the Net.
6:59 of 1st period - Snap shot by Peter Cehlarik.
6:59 of 1st period - Shot Misses the Net.
7:01 of 1st period - Slapshot by Frank Corrado.
7:01 of 1st period - Deflect By Barclay Goodrow.
7:01 of 1st period - Shot Misses the Net.
7:01 of 1st period - Puck is out of play.
7:02 of 1st period - Nico Sturm wins face-off versus Radek Faksa in Senators zone.
7:09 of 1st period - Slapshot by Barclay Goodrow.
7:09 of 1st period - Shot Misses the Net.
7:17 of 1st period - Zac Leslie is hit by Barclay Goodrow and loses puck.
7:28 of 1st period - Chandler Stephenson is hit by C.J Suess.
7:46 of 1st period - Minor Penalty to Mason Geertsen for Hooking.
7:47 of 1st period - Radek Faksa wins face-off versus Nico Sturm in Senators zone.
8:04 of 1st period - Artem Zub is hit by Peter Cehlarik and loses puck.
8:53 of 1st period - Icing by Chandler Stephenson.
8:54 of 1st period - Kiefer Sherwood wins face-off versus Chandler Stephenson in Wranglers zone.
9:46 of 1st period - Penalty to Mason Geertsen is over, Mason Geertsen is back on ice.
10:45 of 1st period - Petteri Lindbohm is hit by Radek Faksa and loses puck.
11:33 of 1st period - Snap shot by Cliff Pu.
11:33 of 1st period - Shot Misses the Net.
12:07 of 1st period - Wrist shot by Chandler Stephenson.
12:07 of 1st period - Stopped by Justus Annunen without a rebound.
12:08 of 1st period - Nico Sturm wins face-off versus Radek Faksa in Senators zone.
12:09 of 1st period - Snap shot by Peter Cehlarik.
12:09 of 1st period - Stopped by Justus Annunen with a rebound.
12:14 of 1st period - Off-side.
12:15 of 1st period - Radek Faksa wins face-off versus Nico Sturm in neutral zone.
12:54 of 1st period - Slapshot by Brendan Perlini.
12:54 of 1st period - Shot Misses the Net.
12:56 of 1st period - Snap shot by Brendan Perlini.
12:56 of 1st period - Shot Misses the Net.
13:00 of 1st period - Snap shot by Kiefer Sherwood.
13:00 of 1st period - Shot Misses the Net.
13:02 of 1st period - Snap shot by Brendan Perlini.
13:02 of 1st period - Goal by Brendan Perlini - Senators : 2 - Wranglers : 0.
13:03 of 1st period - Ryan Donato wins face-off versus Chase De Leo in neutral zone.
13:08 of 1st period - Wrist shot by Phillip Danault.
13:08 of 1st period - Stopped by Justus Annunen with a rebound.
14:13 of 1st period - Snap shot by Brendan Perlini.
14:13 of 1st period - Stopped by Vitek Vanecek with a rebound.
14:16 of 1st period - Icing by Christian Jaros.
14:17 of 1st period - Chase De Leo wins face-off versus Ryan Donato in Wranglers zone.
14:31 of 1st period - Snap shot by Ryan Donato.
14:31 of 1st period - Stopped by Justus Annunen with a rebound.
14:33 of 1st period - Slapshot by Christian Jaros.
14:33 of 1st period - Shot Misses the Net.
14:55 of 1st period - Snap shot by Brendan Perlini.
14:55 of 1st period - Shot Misses the Net.
15:26 of 1st period - Off-side.
15:27 of 1st period - Nico Sturm wins face-off versus Akil Thomas in neutral zone.
15:37 of 1st period - Snap shot by Barclay Goodrow.
15:37 of 1st period - Stopped by Justus Annunen with a rebound.
15:39 of 1st period - Wrist shot by Peter Cehlarik.
15:39 of 1st period - Stopped by Justus Annunen without a rebound.
15:40 of 1st period - Nico Sturm wins face-off versus Radek Faksa in Senators zone.
15:51 of 1st period - Wrist shot by Barclay Goodrow.
15:51 of 1st period - Shot Misses the Net.
15:53 of 1st period - Snap shot by Nico Sturm.
15:53 of 1st period - Goal by Nico Sturm - Senators : 2 - Wranglers : 1.
15:54 of 1st period - Brendan Perlini wins face-off versus Nico Sturm in neutral zone.
16:25 of 1st period - Snap shot by Jesper Bratt.
16:25 of 1st period - Goal by Jesper Bratt - Senators : 2 - Wranglers : 2.
16:26 of 1st period - Radek Faksa wins face-off versus Nico Sturm in neutral zone.
16:35 of 1st period - Snap shot by Radek Faksa.
16:35 of 1st period - Shot Misses the Net.
16:57 of 1st period - Slapshot by Carl Grundstrom.
16:57 of 1st period - Shot Blocked by Trevor Carrick.
16:59 of 1st period - Snap shot by Jonas Siegenthaler.
16:59 of 1st period - Shot Misses the Net.
17:01 of 1st period - Slapshot by C.J Suess.
17:01 of 1st period - Stopped by Vitek Vanecek with a rebound.
17:13 of 1st period - Slapshot by Artem Zub.
17:13 of 1st period - Stopped by Vitek Vanecek without a rebound.
17:14 of 1st period - Marc Michaelis wins face-off versus Nico Sturm in Wranglers zone.
17:39 of 1st period - Brendan Perlini is hit by Dominik Masin and loses puck.
17:46 of 1st period - Slapshot by Artem Zub.
17:46 of 1st period - Shot Blocked by Kaapo Kakko.
18:04 of 1st period - Snap shot by Chandler Stephenson.
18:04 of 1st period - Shot Misses the Net.
18:06 of 1st period - Wrist shot by Chandler Stephenson.
18:06 of 1st period - Stopped by Justus Annunen with a rebound.
18:18 of 1st period - Peter Cehlarik is hit by Bryce Kindopp and loses puck.
18:32 of 1st period - Erik Brannstrom is hit by Bryce Kindopp and loses puck.
18:47 of 1st period - Kiefer Sherwood is hit by Phillip Danault and loses puck.
18:54 of 1st period - Phillip Danault is hit by Brendan Perlini and loses puck.
Goals for this period are 2 for Senators vs 2 for Wranglers.
Shots for this period are 9 for Senators vs 14 for Wranglers.

2nd period


0:01 of 2nd period - Nico Sturm wins face-off versus Radek Faksa in neutral zone.
0:13 of 2nd period - Slapshot by Radek Faksa.
0:13 of 2nd period - Shot Misses the Net.
0:30 of 2nd period - Off-side.
0:31 of 2nd period - Chandler Stephenson wins face-off versus Arttu Ruotsalainen in neutral zone.
0:44 of 2nd period - Slapshot by Marc Michaelis.
0:44 of 2nd period - Stopped by Vitek Vanecek without a rebound.
0:45 of 2nd period - Nico Sturm wins face-off versus Radek Faksa in Wranglers zone.
1:15 of 2nd period - Off-side.
1:16 of 2nd period - Chandler Stephenson wins face-off versus Chase De Leo in neutral zone.
2:03 of 2nd period - Minor Penalty to Erik Brannstrom for Hooking.
2:04 of 2nd period - Radek Faksa wins face-off versus Peter Cehlarik in Wranglers zone.
4:03 of 2nd period - Penalty to Erik Brannstrom is over, Erik Brannstrom is back on ice.
4:20 of 2nd period - Minor Penalty to Akil Thomas for Cross-checking.
4:21 of 2nd period - Jesper Bratt wins face-off versus Radek Faksa in Senators zone.
4:22 of 2nd period - Slapshot by Chandler Stephenson.
4:22 of 2nd period - Shot Misses the Net.
4:36 of 2nd period - Snap shot by Brendan Perlini.
4:36 of 2nd period - Deflect By Chandler Stephenson.
4:36 of 2nd period - Stopped by Vitek Vanecek without a rebound.
4:37 of 2nd period - Nico Sturm wins face-off versus Radek Faksa in Wranglers zone.
4:50 of 2nd period - Slapshot by Frank Corrado.
4:50 of 2nd period - Goal by Frank Corrado - Senators : 2 - Wranglers : 3.
4:51 of 2nd period - Peter Cehlarik wins face-off versus Radek Faksa in neutral zone.
5:06 of 2nd period - Slapshot by Brendan Perlini.
5:06 of 2nd period - Shot Misses the Net.
5:16 of 2nd period - Chandler Stephenson is hit by C.J Suess and loses puck.
5:21 of 2nd period - Slapshot by Carl Grundstrom.
5:21 of 2nd period - Stopped by Vitek Vanecek without a rebound.
5:22 of 2nd period - Chase De Leo wins face-off versus Nico Sturm in Wranglers zone.
5:29 of 2nd period - Snap shot by Carl Grundstrom.
5:29 of 2nd period - Shot Hit the Post.
5:47 of 2nd period - Jesse Graham is hit by Chandler Stephenson.
5:51 of 2nd period - Erik Brannstrom is hit by Kiefer Sherwood.
6:10 of 2nd period - Off-side.
6:11 of 2nd period - Ryan Donato wins face-off versus Arttu Ruotsalainen in neutral zone.
6:14 of 2nd period - Marc Michaelis is hit by Kaapo Kakko and loses puck.
6:21 of 2nd period - Wrist shot by Phillip Danault.
6:21 of 2nd period - Shot Misses the Net.
6:29 of 2nd period - Wrist shot by Marc Michaelis.
6:29 of 2nd period - Stopped by Vitek Vanecek without a rebound.
6:30 of 2nd period - Barclay Goodrow wins face-off versus Radek Faksa in Wranglers zone.
6:30 of 2nd period - Barclay Goodrow is hit by Jesse Graham.
7:10 of 2nd period - Wrist shot by Brendan Perlini.
7:10 of 2nd period - Stopped by Vitek Vanecek with a rebound.
8:34 of 2nd period - Wrist shot by Chase De Leo.
8:34 of 2nd period - Stopped by Vitek Vanecek with a rebound.
8:46 of 2nd period - Wrist shot by Arttu Ruotsalainen.
8:46 of 2nd period - Shot Misses the Net.
8:48 of 2nd period - Wrist shot by Marc Michaelis.
8:48 of 2nd period - Stopped by Vitek Vanecek with a rebound.
8:50 of 2nd period - Slapshot by Cliff Pu.
8:50 of 2nd period - Shot Blocked by Chandler Stephenson.
9:26 of 2nd period - Wrist shot by Tanner Jeannot.
9:26 of 2nd period - Stopped by Justus Annunen with a rebound.
10:05 of 2nd period - Snap shot by Chase De Leo.
10:05 of 2nd period - Stopped by Vitek Vanecek without a rebound.
10:06 of 2nd period - Chase De Leo wins face-off versus Ryan Donato in Wranglers zone.
10:33 of 2nd period - Backhand shot by Chase De Leo.
10:33 of 2nd period - Stopped by Vitek Vanecek without a rebound.
10:34 of 2nd period - Vladislav Kamenev wins face-off versus Radek Faksa in Wranglers zone.
10:55 of 2nd period - Minor Penalty to Peter Cehlarik for Delaying the game.
10:56 of 2nd period - Radek Faksa wins face-off versus Phillip Danault in Wranglers zone.
10:59 of 2nd period - Wrist shot by Radek Faksa.
10:59 of 2nd period - Stopped by Vitek Vanecek with a rebound.
11:01 of 2nd period - Slapshot by Artem Zub.
11:01 of 2nd period - Shot Blocked by Barclay Goodrow.
11:03 of 2nd period - Wrist shot by Artem Zub.
11:03 of 2nd period - Shot Misses the Net.
11:05 of 2nd period - Wrist shot by Radek Faksa.
11:05 of 2nd period - Shot Misses the Net.
11:11 of 2nd period - Snap shot by Brendan Perlini.
11:11 of 2nd period - Shot Misses the Net.
11:55 of 2nd period - Chandler Stephenson is hit by Jesse Graham and loses puck.
12:49 of 2nd period - Artem Zub is hit by Trevor Carrick and loses puck.
12:55 of 2nd period - Penalty to Peter Cehlarik is over, Peter Cehlarik is back on ice.
12:56 of 2nd period - Brendan Perlini is hit by Peter Cehlarik and loses puck.
13:36 of 2nd period - Wrist shot by Bryce Kindopp.
13:36 of 2nd period - Shot Misses the Net.
13:38 of 2nd period - Backhand shot by Mason Geertsen.
13:38 of 2nd period - Stopped by Vitek Vanecek with a rebound.
13:42 of 2nd period - Snap shot by Vitaly Abramov.
13:42 of 2nd period - Shot Misses the Net.
14:44 of 2nd period - Bryce Kindopp is hit by Vladislav Kamenev.
16:12 of 2nd period - Jonas Siegenthaler is hit by Nico Sturm.
16:37 of 2nd period - Off-side.
16:38 of 2nd period - Ryan Donato wins face-off versus C.J Suess in neutral zone.
17:28 of 2nd period - Petteri Lindbohm is hit by Marc Michaelis.
17:32 of 2nd period - Wrist shot by Arttu Ruotsalainen.
17:32 of 2nd period - Stopped by Vitek Vanecek without a rebound.
17:33 of 2nd period - Ryan Donato wins face-off versus Chase De Leo in Wranglers zone.
18:09 of 2nd period - Slapshot by Nico Sturm.
18:09 of 2nd period - Shot Hit the Post.
18:21 of 2nd period - Wrist shot by Brendan Perlini.
18:21 of 2nd period - Shot Misses the Net.
19:30 of 2nd period - Wrist shot by Chandler Stephenson.
19:30 of 2nd period - Stopped by Justus Annunen with a rebound.
19:32 of 2nd period - Snap shot by Chandler Stephenson.
19:32 of 2nd period - Shot Misses the Net.
Goals for this period are 0 for Senators vs 1 for Wranglers.
Shots for this period are 12 for Senators vs 3 for Wranglers.

3rd period


0:01 of 3rd period - Radek Faksa wins face-off versus Nico Sturm in neutral zone.
0:06 of 3rd period - Slapshot by Brendan Perlini.
0:06 of 3rd period - Shot Misses the Net.
0:12 of 3rd period - Snap shot by Peter Cehlarik.
0:12 of 3rd period - Deflect By Nico Sturm.
0:12 of 3rd period - Stopped by Justus Annunen with a rebound.
0:14 of 3rd period - Snap shot by Nico Sturm.
0:14 of 3rd period - Deflect By Peter Cehlarik.
0:14 of 3rd period - Stopped by Justus Annunen without a rebound.
0:15 of 3rd period - Chase De Leo wins face-off versus Nico Sturm in Senators zone.
0:42 of 3rd period - Frank Corrado is hit by Radek Faksa and loses puck.
1:50 of 3rd period - Wrist shot by Radek Faksa.
1:50 of 3rd period - Deflect By Frank Corrado.
1:50 of 3rd period - Shot Hit the Post.
1:50 of 3rd period - Puck is out of play.
1:51 of 3rd period - Radek Faksa wins face-off versus Chandler Stephenson in Wranglers zone.
2:04 of 3rd period - Slapshot by Radek Faksa.
2:04 of 3rd period - Goal by Radek Faksa - Senators : 3 - Wranglers : 3.
2:05 of 3rd period - Radek Faksa wins face-off versus Nico Sturm in neutral zone.
2:44 of 3rd period - Zac Leslie is hit by Taylor Raddysh and loses puck.
2:57 of 3rd period - Jesse Graham is hit by Phillip Danault and loses puck.
3:08 of 3rd period - Snap shot by Phillip Danault.
3:08 of 3rd period - Shot Blocked by Marc Michaelis.
3:15 of 3rd period - Icing by Marc Michaelis.
3:16 of 3rd period - Nico Sturm wins face-off versus Akil Thomas in Senators zone.
3:23 of 3rd period - Wrist shot by Peter Cehlarik.
3:23 of 3rd period - Shot Blocked by Vitaly Abramov.
3:25 of 3rd period - Snap shot by Barclay Goodrow.
3:25 of 3rd period - Stopped by Justus Annunen with a rebound.
3:27 of 3rd period - Slapshot by Erik Brannstrom.
3:27 of 3rd period - Stopped by Justus Annunen with a rebound.
3:29 of 3rd period - Slapshot by Erik Brannstrom.
3:29 of 3rd period - Stopped by Justus Annunen without a rebound.
3:30 of 3rd period - Nico Sturm wins face-off versus Radek Faksa in Senators zone.
4:04 of 3rd period - Slapshot by Zac Leslie.
4:04 of 3rd period - Deflect By Arttu Ruotsalainen.
4:04 of 3rd period - Stopped by Vitek Vanecek without a rebound.
4:05 of 3rd period - Nico Sturm wins face-off versus Radek Faksa in Wranglers zone.
4:05 of 3rd period - Nico Sturm is hit by Jesse Graham.
4:21 of 3rd period - Corey Shueneman is hit by Nico Sturm and loses puck.
4:40 of 3rd period - Wrist shot by C.J Suess.
4:40 of 3rd period - Stopped by Vitek Vanecek with a rebound.
4:52 of 3rd period - Arttu Ruotsalainen is hit by Dominik Masin and loses puck.
6:12 of 3rd period - Marc Michaelis is hit by Christian Jaros and loses puck.
6:39 of 3rd period - Slapshot by Zac Leslie.
6:39 of 3rd period - Shot Misses the Net.
6:41 of 3rd period - Wrist shot by Chase De Leo.
6:41 of 3rd period - Stopped by Vitek Vanecek with a rebound.
6:43 of 3rd period - Wrist shot by Carl Grundstrom.
6:43 of 3rd period - Shot Blocked by Dominik Masin.
6:45 of 3rd period - Slapshot by C.J Suess.
6:45 of 3rd period - Shot Misses the Net.
6:51 of 3rd period - Wrist shot by Chase De Leo.
6:51 of 3rd period - Shot Blocked by Darren Raddysh.
8:23 of 3rd period - Barclay Goodrow is hit by Brendan Perlini.
9:05 of 3rd period - Slapshot by Vitaly Abramov.
9:05 of 3rd period - Stopped by Vitek Vanecek with a rebound.
9:07 of 3rd period - Wrist shot by Bryce Kindopp.
9:07 of 3rd period - Deflect By Vitaly Abramov.
9:07 of 3rd period - Deflect By Chandler Stephenson.
9:07 of 3rd period - Shot Blocked by Frank Corrado.
9:07 of 3rd period - Puck is out of play.
9:08 of 3rd period - Chandler Stephenson wins face-off versus Radek Faksa in Wranglers zone.
9:08 of 3rd period - Chandler Stephenson is hit by Martin Fehervary.
9:28 of 3rd period - Phillip Danault is hit by Martin Fehervary and loses puck.
9:33 of 3rd period - Wrist shot by Chase De Leo.
9:33 of 3rd period - Stopped by Vitek Vanecek without a rebound.
9:34 of 3rd period - Barclay Goodrow wins face-off versus Chase De Leo in Wranglers zone.
9:45 of 3rd period - Slapshot by Nico Sturm.
9:45 of 3rd period - Shot Misses the Net.
9:49 of 3rd period - Snap shot by Barclay Goodrow.
9:49 of 3rd period - Stopped by Justus Annunen without a rebound.
9:50 of 3rd period - Chandler Stephenson wins face-off versus Radek Faksa in Senators zone.
10:00 of 3rd period - Minor Penalty to Frank Corrado for Cross-checking.
10:01 of 3rd period - Radek Faksa wins face-off versus Peter Cehlarik in Wranglers zone.
10:10 of 3rd period - Wrist shot by Kiefer Sherwood.
10:10 of 3rd period - Shot Misses the Net.
10:12 of 3rd period - Slapshot by Zac Leslie.
10:12 of 3rd period - Stopped by Vitek Vanecek without a rebound.
10:13 of 3rd period - Radek Faksa wins face-off versus Peter Cehlarik in Wranglers zone.
10:50 of 3rd period - Icing by Carl Grundstrom.
10:51 of 3rd period - Chase De Leo wins face-off versus Peter Cehlarik in Senators zone.
10:58 of 3rd period - Slapshot by Zac Leslie.
10:58 of 3rd period - Shot Misses the Net.
11:00 of 3rd period - Slapshot by Artem Zub.
11:00 of 3rd period - Shot Blocked by Barclay Goodrow.
11:02 of 3rd period - Slapshot by Zac Leslie.
11:02 of 3rd period - Shot Blocked by Barclay Goodrow.
11:04 of 3rd period - Snap shot by Chase De Leo.
11:04 of 3rd period - Goal by Chase De Leo - Senators : 4 - Wranglers : 3.
11:05 of 3rd period - Kiefer Sherwood wins face-off versus Nico Sturm in neutral zone.
11:21 of 3rd period - Frank Corrado is hit by Zac Leslie and loses puck.
11:32 of 3rd period - Taylor Raddysh is hit by Chase De Leo and loses puck.
11:39 of 3rd period - Backhand shot by Dominik Masin.
11:39 of 3rd period - Shot Blocked by Zac Leslie.
11:55 of 3rd period - Slapshot by Erik Brannstrom.
11:55 of 3rd period - Stopped by Justus Annunen without a rebound.
11:56 of 3rd period - Arttu Ruotsalainen wins face-off versus Nico Sturm in Senators zone.
11:56 of 3rd period - Arttu Ruotsalainen is hit by Nico Sturm.
12:18 of 3rd period - Slapshot by Corey Shueneman.
12:18 of 3rd period - Shot Blocked by Chandler Stephenson.
12:20 of 3rd period - Slapshot by Mason Geertsen.
12:20 of 3rd period - Stopped by Vitek Vanecek with a rebound.
12:22 of 3rd period - Wrist shot by Cliff Pu.
12:22 of 3rd period - Shot Misses the Net.
12:24 of 3rd period - Slapshot by Mason Geertsen.
12:24 of 3rd period - Deflect By Arttu Ruotsalainen.
12:24 of 3rd period - Stopped by Vitek Vanecek with a rebound.
12:26 of 3rd period - Slapshot by Jonas Siegenthaler.
12:26 of 3rd period - Deflect By Arttu Ruotsalainen.
12:26 of 3rd period - Shot Misses the Net.
12:26 of 3rd period - Puck is out of play.
12:27 of 3rd period - Radek Faksa wins face-off versus Nico Sturm in Wranglers zone.
12:35 of 3rd period - Minor Penalty to Nico Sturm for Roughing.
12:36 of 3rd period - Peter Cehlarik wins face-off versus Radek Faksa in Wranglers zone.
14:06 of 3rd period - Icing by Brendan Perlini.
14:07 of 3rd period - Chandler Stephenson wins face-off versus Brendan Perlini in Senators zone.
14:14 of 3rd period - Slapshot by Erik Brannstrom.
14:14 of 3rd period - Stopped by Justus Annunen with a rebound.
14:35 of 3rd period - Penalty to Nico Sturm is over, Nico Sturm is back on ice.
14:50 of 3rd period - Wrist shot by Ryan Donato.
14:50 of 3rd period - Shot Blocked by Cliff Pu.
15:22 of 3rd period - Icing by Erik Brannstrom.
15:23 of 3rd period - Chandler Stephenson wins face-off versus Chase De Leo in Wranglers zone.
15:35 of 3rd period - Icing by Zac Leslie.
15:36 of 3rd period - Nico Sturm wins face-off versus Chase De Leo in Senators zone.
16:01 of 3rd period - Chase De Leo is hit by Peter Cehlarik and loses puck.
16:28 of 3rd period - Wrist shot by Carl Grundstrom.
16:28 of 3rd period - Deflect By C.J Suess.
16:28 of 3rd period - Shot Misses the Net.
16:28 of 3rd period - Puck is out of play.
16:29 of 3rd period - Kiefer Sherwood wins face-off versus Ryan Donato in Wranglers zone.
16:32 of 3rd period - Snap shot by Brendan Perlini.
16:32 of 3rd period - Deflect By Radek Faksa.
16:32 of 3rd period - Shot Misses the Net.
16:32 of 3rd period - Puck is out of play.
16:33 of 3rd period - Ryan Donato wins face-off versus Radek Faksa in Wranglers zone.
16:47 of 3rd period - Snap shot by Radek Faksa.
16:47 of 3rd period - Stopped by Vitek Vanecek with a rebound.
16:49 of 3rd period - Wrist shot by Brendan Perlini.
16:49 of 3rd period - Shot Misses the Net.
16:59 of 3rd period - Snap shot by Jesper Bratt.
16:59 of 3rd period - Stopped by Justus Annunen without a rebound.
17:00 of 3rd period - Arttu Ruotsalainen wins face-off versus Chandler Stephenson in Senators zone.
17:00 of 3rd period - Arttu Ruotsalainen is hit by Dominik Masin.
17:25 of 3rd period - Tanner Jeannot is hit by Brendan Perlini and loses puck.
17:49 of 3rd period - Slapshot by Erik Brannstrom.
17:49 of 3rd period - Shot Blocked by Corey Shueneman.
17:51 of 3rd period - Wrist shot by Phillip Danault.
17:51 of 3rd period - Shot Misses the Net.
17:53 of 3rd period - Snap shot by Ryan Donato.
17:53 of 3rd period - Stopped by Justus Annunen without a rebound.
17:54 of 3rd period - Nico Sturm wins face-off versus Radek Faksa in Senators zone.
18:08 of 3rd period - Minor Penalty to Christian Jaros for Hooking.
18:09 of 3rd period - Peter Cehlarik wins face-off versus Radek Faksa in Wranglers zone.
18:35 of 3rd period - Barclay Goodrow is hit by Artem Zub and loses puck.
18:42 of 3rd period - Snap shot by C.J Suess.
18:42 of 3rd period - Shot Misses the Net.
19:10 of 3rd period - Kiefer Sherwood is hit by Jesper Bratt and loses puck.
Goals for this period are 2 for Senators vs 0 for Wranglers.
Shots for this period are 11 for Senators vs 10 for Wranglers.